 Dungeon Crawl Stone Soup version 0.30-a0-757-ga6a79fd877 (webtiles) character file.

Game seed: 9763428159984116540

46188 themarg the Nimble (level 14, -10/102 (103) HPs)
             Began as an Octopode Venom Mage on Feb 9, 2023.
             Was an Elder of Ashenzari.
             Mangled by a phantasmal warrior (35 damage)
             ... led by a death knight
             ... on level 14 of the Dungeon on Feb 10, 2023.
             The game lasted 02:03:33 (28780 turns).

themarg the Nimble (Octopode Venom Mage)           Turns: 28780, Time: 02:03:34

HP:   -10/102 (103) AC:  1    Str: 14    XL:     14   Next: 36%
MP:   0/28          EV: 23    Int: 22    God:    Ashenzari [****..]
Gold: 1423          SH:  6    Dex: 12    Spells: 9/33 levels left

rFire   . . .      SeeInvis +    m - +2 dagger "Shackled With Me" {venom, Evo, Cun} (curse)
rCold   . . .      Faith    .    G - +1 buckler "Gaze Upon Infinity" {Alch, Range} (curse)
rNeg    . . .      Spirit   +    (helmet restricted)
rPois   .          Reflect  .    k - amulet of the All-seeing Sky {Spirit, Elem, Melee} (curse)
rElec   .          Harm     .    d - ring "Chained Affliction" {EV+5, Evo, Self} (curse)
rCorr   +          Rampage  .    E - ring of the Enlightened Ether {rCorr, Bglg, Range} (curse)
Will    +....      Clarity  +    K - ring of Ashenzari's Yoke {Will+, Range, Bglg} (curse)
Stlth   +++++                    H - ring "Lashed Together" {Str+6, Alch, Melee} (curse)
HPRegen 0.37/turn                (no ring)
MPRegen 0.21/turn                (no ring)
                                 (no ring)
                                 (no ring)

@: about to teleport, weak-willed, lightly drained
A: almost no armour, amphibious, 8 rings, camouflage 1, gelatinous body 1,
(nimble swimmer 1), tentacles
a: Renounce Religion, Curse Item, Shatter the Chains


You were on level 14 of the Dungeon.
You worshipped Ashenzari.
Ashenzari was greatly pleased with you.
You visited 3 branches of the dungeon, and saw 22 of its levels.

You collected 1550 gold pieces.
You spent 127 gold pieces at shops.

Inventory:

Hand Weapons
 m - the cursed +2 dagger "Shackled With Me" (weapon) {venom, Evo, Cun}
   (You took it off a goblin on level 3 of the Dungeon)

   It has a curse which improves the following skills: Evocations: Evocations.
   Cunning:   Dodging and Stealth.
 P - the +8 whip of Truth {flame, rCorr}
   (You found it on level 11 of the Dungeon)

   rCorr:     It protects you from acid and corrosion.
 T - a +2 vampiric dagger
 U - a +2 dagger of electrocution
Missiles
 f - 218 stones (quivered)
 h - 2 silver boomerangs
 w - 4 boomerangs
 D - 37 poisoned darts
 I - 14 javelins
 L - 5 throwing nets
 M - 6 curare-tipped darts
Armour
 G - the cursed +1 buckler "Gaze Upon Infinity" (worn) {Alch, Range}
   (You found it on level 8 of the Dungeon)

   It has a curse which improves the following skills: Alchemy: Poison Magic and
   Transmutations.
   Ranged Combat: Ranged Weapons and Throwing.
Jewellery
 d - the cursed ring "Chained Affliction" (left tentacle) {EV+5, Evo, Self}
   (You found it on level 1 of the Dungeon)

   [ring of evasion]

   EV:        It affects your evasion (+5).
   It has a curse which improves the following skills: Evocations: Evocations.
   Introspection: Fighting and Spellcasting.
 k - the cursed amulet of the All-seeing Sky (around mantle) {Spirit, Elem, Melee}
   (You found it on level 3 of the Dungeon)

   [amulet of guardian spirit]

   It causes incoming damage to be divided between your reserves of health and
   magic.
   It has a curse which improves the following skills: Elements: Fire Magic, Ice
   Magic, Air Magic and Earth Magic.
   Melee Combat: Short Blades, Long Blades, Axes, Maces & Flails, Polearms,
   Staves and Unarmed Combat.
 E - the cursed ring of the Enlightened Ether (right tentacle) {rCorr, Bglg, Range}
   (You found it on level 7 of the Dungeon)

   [ring of resist corrosion]

   rCorr:     It protects you from acid and corrosion.
   It has a curse which improves the following skills: Beguiling: Conjurations,
   Hexes and Translocations.
   Ranged Combat: Ranged Weapons and Throwing.
 H - the cursed ring "Lashed Together" (on tentacle) {Str+6, Alch, Melee}
   (You found it on level 3 of the Lair of Beasts)

   [ring of strength]

   Str:       It affects your strength (+6).
   It has a curse which improves the following skills: Alchemy: Poison Magic and
   Transmutations.
   Melee Combat: Short Blades, Long Blades, Axes, Maces & Flails, Polearms,
   Staves and Unarmed Combat.
 K - the cursed ring of Ashenzari's Yoke (on tentacle) {Will+, Range, Bglg}
   (You found it on level 9 of the Dungeon)

   [ring of willpower]

   Will:      It increases your willpower.
   It has a curse which improves the following skills: Ranged Combat: Ranged
   Weapons and Throwing.
   Beguiling: Conjurations, Hexes and Translocations.
 N - a ring of ice
 Y - a ring of ice
Wands
 j - a wand of quicksilver (20)
 x - a wand of flame (14)
 B - a wand of roots (1)
 F - a wand of digging (27)
 J - a wand of mindburst (3)
Scrolls
 c - 4 scrolls of poison
 g - 4 scrolls of immolation
 l - 3 scrolls of enchant weapon
 n - 3 scrolls of blinking
 p - 4 scrolls of magic mapping
 s - a scroll of teleportation
 y - 2 scrolls of fear
 z - 4 scrolls of amnesia
 A - a scroll of fog
 R - a scroll of summoning
 V - a scroll of silence
 W - a scroll of acquirement
 X - a scroll of enchant armour
Potions
 a - 2 potions of magic
 b - 4 potions of cancellation
 e - 3 potions of mutation
 i - 3 potions of curing
 o - 2 potions of ambrosia
 q - 5 potions of heal wounds
 r - 2 potions of invisibility
 t - a potion of flight
 u - 5 potions of attraction
 v - a potion of brilliance
 C - 3 potions of lignification
 O - a potion of haste
 Q - 2 potions of might
 S - 2 potions of resistance


   Skills:
 - Level 10.0(12.0) Fighting
 - Level 8.4(11.4) Short Blades
 - Level 0.5(2.0) Throwing
 - Level 11.7(13.6) Dodging
 - Level 6.0(8.0) Stealth
 - Level 5.0 Shields
 + Level 8.2(10.2) Spellcasting
 - Level 6.9(10.0) Conjurations
 - Level 3.0(5.5) Translocations
 - Level 2.0(4.2) Transmutations
 - Level 7.0(9.0) Air Magic
 + Level 7.9(9.9) Earth Magic
 - Level 7.0(10.0) Poison Magic
 - Level 2.6(5.0) Evocations


You had 9 spell levels left.
You knew the following spells:

 Your Spells              Type           Power      Damage    Failure   Level
a - Sting                 Tmut/Pois      100%       1d8       1%          1
b - Mephitic Cloud        Conj/Pois/Air  52%        N/A       1%          3
c - Apportation           Tloc           70%        N/A       1%          1
d - Poisonous Vapours     Pois/Air       100%       N/A       1%          2
e - Airstrike             Air            25%        2d(4-20)  1%          4
f - Olgreb's Toxic Radia  Pois           53%        N/A       1%          4
g - Blink                 Tloc           70%        N/A       1%          2
h - Stone Arrow           Conj/Erth      100%       3d13      1%          3
i - Iskenderun's Mystic   Conj/Tloc      45%        2d10      3%          4

Your spell library contained the following spells:

 Spells                   Type           Power      Damage    Failure   Level
 Shock                    Conj/Air       100%       1d9       1%          1
 Cigotuvi's Dreadful Rot  Necr/Pois/Air  78%        N/A       1%          2
 Swiftness                Air            50%        N/A       1%          3
 Vhi's Electric Charge    Tloc/Air       86%        N/A       1%          3
 Kindle Blastsparks       Fire/Tloc/Air  64%        2d15      3%          3
 Iskenderun's Battlesphe  Conj           53%        2d10      3%          5
 Lee's Rapid Deconstruct  Erth           26%        3d14*     3%          5
 Arcjolt                  Conj/Air       26%        1d36      4%          5
 Necrotise                Necr           44%        1d6       8%          1
 Summon Small Mammal      Summ           44%        N/A       8%          1
 Manifold Assault         Tloc           35%        N/A       8%          4
 Fulminant Prism          Conj/Hex       17%        3d10      9%          4
 Iron Shot                Conj/Erth      26%        9d6       19%         6
 Summon Guardian Golem    Hex/Summ       12%        N/A       21%         3
 Eringya's Noxious Bog    Tmut/Pois      21%        N/A       52%         6
 Summon Forest            Summ/Tloc      11%        N/A       56%         5
 Animate Dead             Necr           11%        N/A       58%         4
 Dispel Undead            Necr           11%        3d9       58%         4
 Orb of Destruction       Conj           26%        9d9       71%         7
 Storm Form               Tmut/Air       20%        N/A       99%         7
 Death Channel            Necr           5%         N/A       100%        6
 Haunt                    Necr/Summ      5%         N/A       100%        7
 Ozocubu's Refrigeration  Ice            6%         4d8       100%        7
 Spellforged Servitor     Conj/Summ      16%        N/A       100%        7
 Summon Hydra             Summ           5%         N/A       100%        7
 Ignition                 Fire           6%         3d4       100%        8
 Infestation              Necr           5%         N/A       100%        8
 Lehudib's Crystal Spear  Conj/Erth      26%        10d7      100%        8
 Maxwell's Capacitive Co  Air            25%        ∞         100%        8
 Animate Armour           Summ/Erth      Unusable   N/A       N/A         4

Dungeon Overview and Level Annotations

Branches:
Dungeon (15/15)            Temple (0/1) D:7            Lair (5/5) D:10
  Swamp (0/4) Lair:3       Spider (0/4) Lair:3          Orc (2/2) D:9
    Elf (0/3) Orc:2        Vaults (0/5) D:13
  Slime: Lair:4-5    Depths: D:15

Altars:
Ashenzari
Cheibriados
Elyvilon
Fedhas
Gozag
Hepliaklqana
Kikubaaqudgha
Okawaru
Qazlal
Ru
Trog
Uskayaw
Vehumet
Wu Jian
Zin

Shops:
D:1 (*?   D:2 (

Portals:
Trove: D:13 (give +5 demon trident)

Annotations:
D:12 2 transporters, Epaggetor's ghost, journeyman HOFi
D:13 1 exclusion
Lair:1 1 runed translucent door, Puikhleno's ghost, journeyman MeWr
Lair:4 1 runed translucent door, exclusion: door, Muuss's ghost, adept GnHW
Lair:5 Kirke
Orc:1 1 runed translucent door, exclusions: door and 2 downstairs, avis's ghost, journeyman DgHu
Orc:2 Saint Roka


Innate Abilities, Weirdness & Mutations

You cannot wear most types of armour.
You are amphibious.
You can wear up to eight rings at the same time.
Your skin changes colour to match your surroundings (Stealth+).
Your rubbery body absorbs attacks. (AC +1, EV +1)
((You are camouflaged when in or above water. (Stealth+)))
You have tentacles for arms and can constrict up to eight enemies at once.


Message History

The freezing wraith hits you. The freezing wraith freezes you!
You block the freezing wraith's attack. The phantasmal warrior hits you.
Your willpower is stripped away!
The wraith completely misses you.
You climb upwards.
You feel yourself speed up.
There is a stone staircase leading down here.
You blink.
You are still too unstable to blink.
Aiming: Airstrike (mildly dangerous; 1% risk of failure)
Press: ? - help, Dir - move target, f - phantasmal warrior
Aim: a phantasmal warrior (empty space bonus: 7/8)
The air twists around and strikes the phantasmal warrior.
The phantasmal warrior is lightly damaged.
You feel stable enough to blink again.
Aiming: Airstrike (mildly dangerous; 1% risk of failure)
Press: ? - help, Dir - move target, f - freezing wraith, p - phantasmal warrior
Aim: a freezing wraith (severely damaged, empty space bonus: 6/8)
The air twists around and strikes the freezing wraith!
The freezing wraith is almost destroyed.
You blink.
The phantasmal warrior gestures at you.
The phantasmal warrior blinks!
As you read the scroll of teleportation, it crumbles to dust.
You feel strangely unstable. The phantasmal warrior hits you!!
You completely miss the freezing wraith.
Your squeeze misses the freezing wraith.
The freezing wraith is almost destroyed.
The phantasmal warrior closely misses you.
The freezing wraith hits you! The freezing wraith freezes you!
* * * LOW HITPOINT WARNING * * *
The freezing wraith barely misses you.
Blink to where?
Press: ? - help, Dir - move target, p - freezing wraith
As you read the scroll of blinking, it crumbles to dust.
You feel stable enough to blink again. The phantasmal warrior gestures at you.
The phantasmal warrior blinks!
The phantasmal warrior attacks as you move away!
The phantasmal warrior hits you!!!
You die...

#.# #......# #.
######.# #<##########.
#....#.#####..........
#....#.#...#.#...#####
#...§#.#.#.#.#........
#...W#.#.#.#.........#
#...W#.....#..#.......
##....###.###..........
#.....@.....#.......)..
#...>W.................
#.###..#######.......#.
#.# ##.............(...
#.# ###.#####.##.##.#.
#.# #.# #.#.....#. #.#
#.# #.#######. #.#
#.#####......... #.#
#.##...###...###


You could see a phantasmal warrior, a freezing wraith and a wraith.

Vanquished Creatures
  Snorg (D:13)
  An ettin (Orc:1)
  Harold (Orc:1)
  5 vault guards (D:13)
  A catoblepas (Lair:2)
  A centaur warrior (D:14)
  A boulder beetle (D:13)
  4 two-headed ogres
  Urug (Orc:1)
  2 tengu warriors (D:14)
  2 bog bodies (Lair:3)
  An orb spider (Lair:3)
  3 orc knights (Orc:1)
  2 deep elf pyromancers
  An ugly thing (D:12)
  3 orc sorcerers (Orc:1)
  5 cyclopes
  3 manticores (D:13)
  4 elephants (Lair:1)
  A torpor snail (Lair:2)
  A gargoyle (D:12)
  5 cane toads
  2 unseen horrors
  A rime drake (Lair:4)
  10 komodo dragons
  2 kobold demonologists (D:10)
  2 ice devils (Lair:1)
  4 polar bears
  2 hornets
  7 trolls
  9 blink frogs
  4 shadows
  Sigmund (D:2)
  3 slime creatures (D:13)
  A centaur simulacrum (D:14)
  A vampire (D:11)
  A wraith (D:9)
  4 wyverns
  3 humans (D:13)
  35 yaks
  3 basilisks
  2 vampire mosquitoes (D:13)
  A warg (Orc:1)
  Edmund (D:4)
  An acid dragon (D:13)
  6 water moccasins
  A swamp drake (D:10)
  11 orc warriors
  A sky beast (D:6)
  5 ogres
  An ice beast (D:6)
  3 black bears
  6 wolves (Lair:4)
  7 centaurs
  3 phantoms
  5 kobold brigands
  7 bullfrogs
  A scorpion (D:6)
  3 wights (D:6)
  A troll zombie (D:9)
  An oklob sapling (D:7)
  3 howler monkeys
  2 jellies
  2 gnoll boudas (D:8)
  A hound (D:5)
  8 orc priests
  Crazy Yiuf (D:3)
  Jessica (D:2)
  13 orc wizards
  An iguana (D:6)
  5 ogre zombies (D:9)
  Robin (D:3)
  12 gnolls
  12 adders
  2 shadow imps (D:7)
  2 white imps (D:6)
  4 worms
  A dart slug (D:5)
  41 orcs
  3 endoplasms
  7 giant cockroaches
  15 goblins
  5 hobgoblins
  4 jackals (D:1)
  3 quokkas (D:1)
  4 ball pythons
  5 bats
  3 frilled lizards
  3 goblin zombies (D:9)
  A hobgoblin skeleton (D:9)
  2 hobgoblin zombies (D:9)
  20 kobolds
  An orc skeleton (D:9)
  11 orc zombies (D:9)
  5 rats
415 creatures vanquished.

Vanquished Creatures (others)
  2 vault guards (D:13)
  A wizard (D:8)
  A human (D:13)
  4 fungi
  15 plants
  3 withered plants
26 creatures vanquished.

Grand Total: 441 creatures vanquished

Notes
Turn   | Place    | Note
-------+----------+-------------------------------------------
     0 | D:1      | themarg the Octopode Venom Mage began the quest for the
                  | Orb.
     0 | D:1      | Reached XP level 1. HP: 11/11 MP: 3/3
   132 | D:1      | Reached XP level 2. HP: 17/17 MP: 1/5
   207 | D:1      | Found Itug's General Store.
   422 | D:1      | Found Qiosykal's Magic Scroll Boutique.
   449 | D:1      | Found Bifomiklerr's Weapon Boutique.
   462 | D:1      | Bought a scroll of identify for 22 gold pieces
  1156 | D:2      | Noticed Jessica
  1172 | D:2      | Reached XP level 3. HP: 21/21 MP: 6/6
  1185 | D:2      | Killed Jessica
  1262 | D:2      | Reached XP level 4. HP: 20/27 MP: 7/7
  1354 | D:2      | Noticed Sigmund
  1437 | D:2      | Found Joukut's Weapon Boutique.
  1698 | D:2      | Reached skill level 1 in Conjurations
  1698 | D:2      | Reached skill level 1 in Air Magic
  2036 | D:3      | Found a runed translucent door.
  2037 | D:3      | Noticed Crazy Yiuf
  2134 | D:3      | Noticed Robin
  2330 | D:3      | Found a faded altar of an unknown god.
  2362 | D:3      | Reached XP level 5. HP: 29/31 MP: 5/9
  2410 | D:3      | Found a hide-covered altar of Uskayaw.
  2595 | D:3      | Killed Robin
  3346 | D:1      | Bought a scroll of blinking for 105 gold pieces
  3672 | D:4      | Noticed a black bear
  3932 | D:4      | Noticed Edmund
  4134 | D:4      | Noticed a black bear
  4186 | D:4      | Reached skill level 1 in Fighting
  4186 | D:4      | Reached skill level 1 in Short Blades
  4186 | D:4      | Reached XP level 6. HP: 15/38 MP: 2/10
  4435 | D:4      | Killed a black bear
  4483 | D:5      | Entered Level 5 of the Dungeon
  4536 | D:5      | Reached XP level 7. HP: 43/45 MP: 9/11
  4689 | D:5      | Found an ornate altar of the Wu Jian Council.
  4696 | D:5      | Found an opulent altar of Gozag.
  4845 | D:5      | Found an ancient bone altar of Kikubaaqudgha.
  4962 | D:5      | Learned a level 3 spell: Mephitic Cloud
  5005 | D:5      | Found a stormy altar of Qazlal.
  5482 | D:6      | Reached skill level 3 in Dodging
  5482 | D:6      | Reached skill level 5 in Poison Magic
  5482 | D:6      | Reached XP level 8. HP: 41/52 MP: 8/12
  5785 | D:6      | Found a broken altar of Ashenzari.
  5793 | D:6      | Found a snail-covered altar of Cheibriados.
  5982 | D:6      | Reached skill level 5 in Fighting
  6146 | D:6      | Became a worshipper of Ashenzari the Shackled
  6687 | D:7      | Reached skill level 5 in Stealth
  6832 | D:7      | Found a staircase to the Ecumenical Temple.
  6906 | D:7      | Learned a level 1 spell: Apportation
  6928 | D:7      | Learned a level 2 spell: Poisonous Vapours
  7140 | D:2      | Killed Sigmund
  7141 | D:2      | Reached XP level 9. HP: 61/61 MP: 10/15
  7253 | D:3      | Killed Crazy Yiuf
  7511 | D:4      | Killed Edmund
  7512 | D:4      | Reached skill level 5 in Air Magic
  8096 | D:8      | Noticed a troll
  8195 | D:8      | Found a bloodstained altar of Trog.
  8202 | D:8      | Reached skill level 1 in Translocations
  8503 | D:8      | Killed a troll
  8509 | D:8      | Noticed a hornet
  8516 | D:8      | Killed a hornet
  8799 | D:8      | Found a white marble altar of Elyvilon.
  8854 | D:8      | Found an iron altar of Okawaru.
  8978 | D:8      | Noticed a wizard
  8984 | D:8      | Killed a wizard
  9379 | D:8      | Learned a level 4 spell: Airstrike
  9384 | D:8      | Learned a level 4 spell: Olgreb's Toxic Radiance
  9525 | D:9      | Reached * piety under Ashenzari
  9642 | D:9      | Reached skill level 5 in Spellcasting
  9642 | D:9      | Reached XP level 10. HP: 68/68 MP: 3/19
  9982 | D:9      | Found a staircase to the Orcish Mines.
 10213 | D:9      | Found a radiant altar of Vehumet.
 10261 | D:9      | Found a sacrificial altar of Ru.
 10569 | D:9      | Learned a level 2 spell: Blink
 12259 | D:6      | Reached skill level 5 in Shields
 12752 | D:6      | Found a snail-covered altar of Cheibriados.
 12754 | D:6      | Found a broken altar of Ashenzari.
 13276 | D:7      | Reached ** piety under Ashenzari
 13356 | D:7      | Found a glowing silver altar of Zin.
 13438 | D:10     | Entered Level 10 of the Dungeon
 13441 | D:10     | Noticed a two-headed ogre
 13541 | D:10     | Reached skill level 4 in Dodging
 13544 | D:10     | Killed a two-headed ogre
 13766 | D:10     | Found a blossoming altar of Fedhas.
 14011 | D:10     | Reached XP level 11. HP: 70/80 MP: 8/20
 14034 | D:10     | Reached skill level 5 in Dodging
 14221 | D:10     | Found a staircase to the Lair.
 14446 | D:10     | Reached skill level 1 in Earth Magic
 15165 | D:11     | Reached *** piety under Ashenzari
 15210 | D:11     | Noticed a cyclops
 15215 | D:11     | Killed a cyclops
 15297 | D:11     | Identified the +8 whip of Truth {flame, rCorr}
 15927 | Lair:1   | Entered Level 1 of the Lair of Beasts
 16023 | Lair:1   | Learned a level 3 spell: Stone Arrow
 16080 | Lair:1   | Reached skill level 5 in Short Blades
 17084 | Lair:1   | Reached XP level 12. HP: 88/88 MP: 12/23
 17255 | Lair:1   | Reached skill level 6 in Dodging
 17336 | Lair:1   | Found a runed translucent door.
 17336 | Lair:1   | Noticed Puikhleno's ghost (journeyman MeWr)
 17872 | Lair:2   | Reached skill level 7 in Dodging
 18241 | Lair:2   | Reached skill level 8 in Dodging
 18402 | Lair:2   | Identified the +1 pair of gloves "Veiry" {rC- Regen+
                  | Slay+3}
 18508 | Lair:2   | Noticed a catoblepas
 18539 | Lair:2   | Killed a catoblepas
 19612 | Lair:3   | Found a hole to the Spider Nest.
 20110 | Lair:3   | Found a staircase to the Swamp.
 20597 | Lair:4   | Reached **** piety under Ashenzari
 20995 | Lair:4   | Reached skill level 5 in Earth Magic
 21101 | Lair:4   | Reached skill level 1 in Evocations
 21124 | Lair:4   | Reached XP level 13. HP: 82/93 MP: 6/27
 21420 | Lair:4   | Found a runed translucent door.
 21422 | Lair:4   | Noticed Muuss's ghost (adept GnHW)
 21735 | Lair:5   | Entered Level 5 of the Lair of Beasts
 21862 | Lair:5   | Noticed Kirke
 22141 | D:12     | Reached skill level 10 in Fighting
 22265 | D:12     | Found a transporter.
 22271 | D:12     | Found a transporter.
 22539 | D:12     | Found a hazy altar of Hepliaklqana.
 22645 | D:12     | Noticed Epaggetor's ghost (journeyman HOFi)
 22961 | Orc:1    | Entered Level 1 of the Orcish Mines
 22961 | Orc:1    | Noticed Urug
 22961 | Orc:1    | Noticed Harold
 22991 | Orc:1    | Reached skill level 5 in Conjurations
 23193 | Orc:1    | Paralysed by an orc sorcerer for 5 turns
 23295 | Orc:1    | Learned a level 4 spell: Iskenderun's Mystic Blast
 23343 | Orc:1    | Killed Harold
 23476 | Orc:1    | Reached skill level 9 in Dodging
 24065 | Orc:1    | Killed Urug
 24185 | Orc:1    | Reached skill level 10 in Dodging
 24215 | Orc:1    | Noticed an ettin
 24238 | Orc:1    | Killed an ettin
 24550 | Orc:1    | Found a runed translucent door.
 24550 | Orc:1    | Noticed avis's ghost (journeyman DgHu)
 24685 | Orc:2    | Entered Level 2 of the Orcish Mines
 24685 | Orc:2    | Noticed Saint Roka
 24776 | D:10     | Upgraded the game from 0.30-a0-748-ge6a52f7cba to
                  | 0.30-a0-757-ga6a79fd877
 25199 | D:13     | Killed a vault guard
 25331 | D:13     | Killed a vault guard
 25361 | D:13     | Reached skill level 11 in Dodging
 25731 | D:13     | Noticed Snorg
 25941 | D:13     | Noticed a vault guard
 26001 | D:13     | Killed a vault guard
 26002 | D:13     | Reached XP level 14. HP: 103/103 MP: 5/28
 26381 | D:13     | Found a portal to a secret trove of treasure.
 26381 | D:13     | Identified a scroll of acquirement
 27105 | D:13     | Killed Snorg
 27524 | D:13     | Found a gate to the Vaults.
 28746 | D:15     | Entered Level 15 of the Dungeon
 28780 | D:14     | Mangled by a phantasmal warrior

Illustrated notes

Levels and vault maps discovered:
D:1:      tarquinn_simple_flora_water_c, layout_loops_ring, serial_shops,
          nicolae_shop_hallway_stairs, nicolae_shop_stone, nicolae_diamond_shop,
          kennysheep_flooded_box
D:2:      layout_basic, serial_curves, eino_curves_02, eino_curves_02,
          serial_shops, nicolae_shop_bloodbath_and_beyond,
          minmay_fractal_squares_5, uniq_sigmund, uniq_jessica
D:3:      layout_loops_ring, mainiacjoe_overflow_catwalk,
          hellmonk_ecumenical_altar_leap_of_faith, uniq_crazy_yiuf_cottage,
          uniq_robin
D:4:      layout_loops_corners, corexii_corridor_pit, st_stairs_8,
          serial_bayou_lagoon_b, uniq_edmund
D:5:      layout_rooms, mainiacjoe_overflow_swirl, mainiacjoe_overflow_alcove_4,
          grunt_qazlal_sundering
D:6:      layout_loops_cross, mainiacjoe_overflow_big_doors,
          corexii_leaking_fountain, hex_medium
D:7:      layout_basic, zin_academy, minmay_temple_entry_oklob
D:8:      layout_loops_ring, lemuel_round_altar, trog_wizard,
          lemuel_crystal_altar
D:9:      layout_layer_cave, vehumet_crystals,
          nicolae_ru_great_annihilating_truth, zombieorc1_lemuel,
          chequers_serial_rivers_micro_c
D:10:     layout_basic, fedhas_altar_1, erik_lair_dragon
D:11:     layout_roguey, hangedman_glass_teeth
D:12:     layout_roguey, gammafunk_ghost_hive, nicolae_hepliaklqana_hippocampus
D:13:     layout_irregular_city, ximxim_vaults_locker_room,
          nicolae_trove_entry_crossroad, uniq_snorg
D:14:     nicolae_cairo_tiling, layout_basic
D:15:     hangedman_depths_entry_try_elsewhere_first, layout_loops_ring,
          serial_demonic, serial_demonic_f, serial_demonic_a, serial_demonic_c,
          serial_demonic_f, serial_demonic_c, serial_demonic_e,
          serial_demonic_b, hangedman_decor_diamond_cutter, ashenzari_altar_1
Lair:1:   layout_roguey, portal_ice_cave_demonic_guard, gammafunk_ghost_grave
Lair:2:   layout_gridlike, gammafunk_lair_bear_cave, grunt_megastairs_2,
          serial_bayou_shore_b, infiniplex_staircase_pool_2
Lair:3:   layout_regular_city, skrybe_swamp_entry_bodies,
          nicolae_spider_entry_orb_guardian
Lair:4:   layout_loops_ring, gammafunk_ghost_grave
Lair:5:   guppyfry_lair_end_dragon, layout_regular_city,
          hangedman_lair_tendril_chambers, minmay_slime_entry_oklob_open,
          lemuel_fruit_tree, uniq_kirke, uniq_sonja
Orc:1:    layout_caves, ebering_ghost_inner_flame, nicolae_orc_pool_cavern,
          uniq_urug, uniq_harold
Orc:2:    grunt_orc_cross, layout_caves, sword_in_stone, uniq_nessos,
          uniq_josephine, uniq_saint_roka

Skill      XL: |  1  2  3  4  5  6  7  8  9 10 11 12 13 14 |
---------------+-------------------------------------------+-----
Stealth        | 3 5 6 |  6.0
Poison Magic   | 4 5 7 |  7.0
Conjurations   | 1 2 3 4 5 6 |  6.9
Transmutations | 2 |  2.0
Air Magic      | 1 2 3 7 |  7.0
Spellcasting   | 3 4 5 8 |  8.2
Fighting       | 1 2 3 5 8 10 | 10.0
Short Blades   | 1 2 3 8 |  8.4
Dodging        | 3 4 5 8 11 | 11.7
Translocations | 3 |  3.0
Shields        | 5 |  5.0
Earth Magic    | 3 5 6 7 |  7.9
Evocations     | 2 |  2.6
Throwing       | |  0.5

Action                     |  1- 3 |  4- 6 |  7- 9 | 10-12 | 13-15 || total
---------------------------+-------+-------+-------+-------+-------++-------
  Melee: Unarmed           |    49 |    71 |       |       |       ||   120
         Tentacles         |    15 |    30 |    45 |   105 |    92 ||   287
         Constrict         |    16 |    31 |    29 |    39 |    37 ||   152
         Punch             |     1 |     1 |     3 |     9 |    10 ||    24
         Dagger            |       |    49 |   156 |   313 |   238 ||   756
  Throw: Stone             |       |     1 |       |       |       ||     1
   Cast: Sting             |    14 |    49 |    27 |     3 |       ||    93
         Mephitic Cloud    |       |       |    21 |    40 |    73 ||   134
         Poisonous Vapours |       |       |    20 |    26 |    15 ||    61
         Apportation       |       |       |     4 |       |     4 ||     8
         Airstrike         |       |       |     2 |   117 |    80 ||   199
         Olgreb's Toxic Ra |       |       |     1 |    20 |    20 ||    41
         Stone Arrow       |       |       |       |     7 |    18 ||    25
         Iskenderun's Myst |       |       |       |       |     4 ||     4
         Blink             |       |       |       |       |     2 ||     2
 Invoke: Curse Item        |       |       |     2 |     5 |       ||     7
  Evoke: Wand              |       |       |     3 |     1 |     6 ||    10
    Use: Scroll            |     1 |    10 |     1 |     3 |     4 ||    19
         Potion            |       |       |       |     1 |     1 ||     2
   Stab: Sleeping          |     5 |     8 |     7 |     7 |     2 ||    29
         Distracted        |       |     1 |       |       |     1 ||     2
         Confused          |       |       |     8 |    24 |    29 ||    61
         Paralysed         |       |       |       |     1 |       ||     1
 Armour: Skin              |     4 |     5 |     5 |     3 |     1 ||    18
  Dodge: Dodged            |    28 |    91 |    90 |   136 |   155 ||   500
  Block: Buckler           |       |       |       |    46 |    33 ||    79

Table legend: (Time is in decaauts)
 A = Elapsed time spent in this place.
 B = Non-inter-level travel time spent in this place.
 C = Inter-level travel time spent in this place.
 D = Time resting spent in this place.
 E = Time spent auto-exploring this place.
 F = Levels seen in this place.
 G = Mean time per level.
                   A        B        C        D        E       F      G
               +--------+--------+--------+--------+--------+-----+--------+
         Total |  28583 |  26822 |   1761 |   7314 |  14189 |  22 | 1299.2 |
       Dungeon |  20888 |  19419 |   1469 |   5041 |  10326 |  15 | 1392.5 |
          Lair |   5946 |   5694 |    252 |   1462 |   3520 |   5 | 1189.2 |
  Orcish Mines |   1749 |   1709 |     40 |    811 |    343 |   2 |  874.5 |
               +--------+--------+--------+--------+--------+-----+--------+

Top non-repeatable levels by time:
    D:13: 2473 daAuts
     D:9: 2430 daAuts
  Lair:1: 1744 daAuts
   Orc:1: 1740 daAuts
     D:4: 1697 daAuts
     D:6: 1662 daAuts
    D:10: 1551 daAuts
  Lair:4: 1496 daAuts
     D:8: 1442 daAuts
  Lair:2: 1439 daAuts
     D:7: 1418 daAuts
     D:3: 1397 daAuts
  Lair:3: 1256 daAuts
     D:2: 1230 daAuts
     D:5: 1160 daAuts
